Texas Stars vs Brampton Battalion

Created - 13 novembre 2019 at 20:29

Goals
1 2 3 T
Texas Stars 0 3 2 5
Brampton Battalion 1 1 1 3
Shots
1 2 3 T
Texas Stars 7 13 11 31
Brampton Battalion 15 9 9 33

1st period

1. Brampton Battalion , Erik Condra 8 (Sonny Milano 15, Nathan Gerbe 13) at 11:03

Penalties :
Sam Lafferty (STA) for Holding (Minor) at 12:31

2nd period

2. Texas Stars , Colin Blackwell 6 (Michael Dal Colle 5, Juuso Riikola 5) at 10:17
3. Brampton Battalion , Erik Condra 9 (Sonny Milano 16, Nathan Gerbe 14) at 10:33
4. Texas Stars , Ryan Murphy 2 (Cal Foote 11, Josh Currie 12) at 10:43
5. Texas Stars , Michael Dal Colle 9 (Sam Lafferty 8, Luke Witkowski 7) at 17:31

Penalties :
Josh Brown (BAT) for Hooking (Minor) at 2:03, John McCarron (BAT) for Hooking (Minor) at 15:23, Nathan Gerbe (BAT) for Hooking (Minor) at 18:03

3rd period

6. Brampton Battalion , Michael Kapla 1 (Michael McLeod 14, Garrett Wilson 7) at 12:06 (PP)
7. Texas Stars , Ty Dellandrea 2 (Cale Fleury 4) at 13:18
8. Texas Stars , Juuso Riikola 3 (Colin Blackwell 9) at 14:29 (SH)

Penalties :
Nathan Gerbe (BAT) for Hooking (Minor) at 2:43, Colin Blackwell (STA) for Holding (Minor) at 11:37, Connor Brickley (STA) for Tripping (Minor) at 13:40

Goalie Stats

Malcolm Subban (STA), 30 saves from 33 shots - (0,909), W, 8-3-1, 60:00 minutes
Unknown Goalie (BAT), 26 saves from 31 shots - (0,839), L, 0-1-0, 60:00 minutes

Players Stats for Texas Stars

Player Name              G  A  P  +/- PIM S  H  SB GA TA FO     MP     PP MP  PK MP  
------------------------------------------------------------------------------------
Alan Quine               0  0  0  -1  0   1  0  0  2  0  14/29  21:42   4:10   2:41 
Brad Hunt                0  0  0   2  0   1  0  0  1  0  0/0    18:36   2:48   1:42 
Cal Foote                0  1  1  -1  0   2  2  1  1  0  0/0    26:36   5:08   2:45 
Cale Fleury              0  1  1   2  0   0  0  1  0  0  0/0    14:48   0:00   0:00 
Colin Blackwell          1  1  2   3  2   5  1  0  0  0  3/4    13:00   0:07   1:04 
Connor Brickley          0  0  0  -1  2   2  1  1  0  0  0/2    20:47   4:10   1:22 
Josh Currie              0  1  1  -1  0   3  2  0  0  0  0/0    19:06   4:10   0:00 
Joshua Jacobs            0  0  0   2  0   1  0  2  0  0  0/0    14:48   0:00   0:00 
Juuso Riikola            1  1  2   2  0   3  2  0  0  4  0/0    18:36   2:48   1:42 
Luke Johnson             0  0  0   0  0   2  0  1  0  1  3/9    16:05   3:39   0:17 
Luke Witkowski           0  1  1   1  0   0  0  1  0  0  0/1    17:00   3:39   1:22 
Michael Dal Colle        1  1  2   2  0   1  1  0  0  1  0/1    13:37   0:07   2:08 
Phil Varone              0  0  0   0  0   2  1  0  0  0  0/0    15:48   3:39   0:00 
Ryan Murphy              1  0  1  -1  0   2  2  1  0  3  0/0    26:36   5:08   2:45 
Sam Lafferty             0  1  1   2  2   1  1  0  0  0  0/0    11:13   0:07   0:00 
Spencer Smallman         0  0  0   1  0   2  5  0  0  1  0/0     9:04   0:00   0:00 
Tobias Lindberg          0  0  0   1  0   0  0  0  0  0  0/0     9:04   0:00   0:00 
Ty Dellandrea            1  0  1   1  0   3  0  0  0  1  1/1     9:04   0:00   0:00 

Players Stats for Brampton Battalion

Player Name              G  A  P  +/- PIM S  H  SB GA TA FO     MP     PP MP  PK MP  
------------------------------------------------------------------------------------
Austin Poganski          0  0  0  -1  0   3  0  0  1  0  0/0    12:15   0:00   0:00 
Cam Dineen               0  0  0   0  0   4  1  3  0  1  0/0    14:13   0:00   0:35 
Cameron Hughes           0  0  0  -1  0   1  1  0  0  0  3/4    12:25   0:00   0:16 
Colton Beck              0  0  0  -1  0   0  0  0  0  0  0/0    12:19   0:00   0:17 
Duncan Siemens           0  0  0  -3  0   0  0  0  0  1  0/0    19:41   1:22   2:53 
Erik Condra              2  0  2   0  0   5  2  0  0  0  4/4    21:52   2:41   4:30 
Garrett Wilson           0  1  1   0  0   3  0  0  1  0  1/3    17:30   1:46   3:05 
Jeremy Roy               0  0  0   0  0   2  0  0  1  0  0/0    14:23   0:00   0:43 
John McCarron            0  0  0  -2  2   4  0  0  0  0  1/2    10:43   0:00   2:21 
Josh Brown               0  0  0   0  2   1  1  1  0  0  0/0    25:17   3:05   3:32 
Kurtis Gabriel           0  0  0   0  0   3  1  1  1  1  0/2    14:15   1:46   0:00 
Martin Kaut              0  0  0  -2  0   0  1  0  0  0  0/0     8:07   0:00   0:00 
Michael Kapla            1  0  1  -3  0   1  0  1  1  0  0/0    19:59   1:22   3:13 
Michael McLeod           0  1  1   0  0   3  0  1  2  0  7/8    14:14   1:46   0:00 
Nathan Gerbe             0  2  2   0  4   0  3  2  1  0  1/3    18:17   2:41   0:52 
Sonny Milano             0  2  2   0  0   1  1  1  1  1  9/21   21:51   2:41   4:31 
Will Pelletier           0  0  0  -2  0   0  0  0  0  0  0/0     8:07   0:00   0:00 
Zach Trotman             0  0  0   0  0   2  1  1  2  0  0/0    26:32   3:05   4:56 

3 Stars

1 - Juuso Riikola (STA)
2 - Michael Dal Colle (STA)
3 - Colin Blackwell (STA)

Power Play

Texas Stars - 0 on 4 Attempt(s) - 0,00%
Brampton Battalion - 1 on 3 Attempt(s) - 33,33%

Penalty Kill

Texas Stars - 2 on 3 Attempt(s) - 66,67% - Score 1 goal in Penalty Kill
Brampton Battalion - 4 on 4 Attempt(s) - 100,00% - Score 0 goal in Penalty Kill

Team Stat

Texas Stars - Hits : 18 - Faceoff Wins : 21 - Blocked Shots : 8 - Penalty Minutes : 6
Brampton Battalion - Hits : 12 - Faceoff Wins : 26 - Blocked Shots : 11 - Penalty Minutes : 8

Official

Referees : Graham Skiliter and Marc Joannette
Linesman : Scott Driscoll and Ryan Galloway

Game Notes

No Game Note

Finance

Level 1 -- Attendance: 1498 (74,90%) -- Ticket Income 52 430 $
Level 2 -- Attendance: 720 (72,00%) -- Ticket Income 10 800 $
Total Attendance: 2218 (73,93%)
Total Ticket Income: 63 230 $
Other Income: 30 983 $
Total Income: 94 213 $

Texas Stars

5 vs 5 Forward 
   Center                   Left Wing                Right Wing               Time % Phy DF OF 
 1 Alan Quine               Connor Brickley          Josh Currie              40     1   2  2  
 2 Luke Johnson             Luke Witkowski           Phil Varone              30     1   2  2  
 3 Colin Blackwell          Sam Lafferty             Michael Dal Colle        20     1   2  2  
 4 Ty Dellandrea            Tobias Lindberg          Spencer Smallman         10     1   2  2  

5 vs 5 Defense 
   Defense                  Defense                                           Time % Phy DF OF 
 1 Ryan Murphy              Cal Foote                                         40     1   2  2  
 2 Juuso Riikola            Brad Hunt                                         30     1   2  2  
 3 Cale Fleury              Joshua Jacobs                                     20     1   2  2  
 4 Ryan Murphy              Cal Foote                                         10     1   2  2  

PowerPlay Forward 
   Center                   Left Wing                Right Wing               Time % Phy DF OF 
 1 Alan Quine               Connor Brickley          Josh Currie              60     1   2  2  
 2 Luke Johnson             Luke Witkowski           Phil Varone              40     1   2  2  

PowerPlay Defense
   Defense                  Defense                                           Time % Phy DF OF 
 1 Ryan Murphy              Cal Foote                                         60     1   2  2  
 2 Juuso Riikola            Brad Hunt                                         40     1   2  2  

Penalty Kill 4 Players Forward 
   Center                   Wing                     Time % Phy DF OF 
 1 Alan Quine               Connor Brickley          60     1   2  2  
 2 Luke Johnson             Luke Witkowski           40     1   2  2  

Penalty Kill 4 Players Defense
   Defense                  Defense                  Time % Phy DF OF 
 1 Ryan Murphy              Cal Foote                60     1   2  2  
 2 Juuso Riikola            Brad Hunt                40     1   2  2  

Penalty Kill - 3 Players Forward 
   Forward                                           Time % Phy DF OF 
 1 Alan Quine                                        60     1   2  2  
 2 Connor Brickley                                   40     1   2  2  

Penalty Kill - 3 Players Defense
   Defense                  Defense                  Time % Phy DF OF 
 1 Ryan Murphy              Cal Foote                60     1   2  2  
 2 Juuso Riikola            Brad Hunt                40     1   2  2  

4 vs 4 Forward 
   Center                   Wing                     Time % Phy DF OF 
 1 Alan Quine               Connor Brickley          60     1   2  2  
 2 Luke Johnson             Luke Witkowski           40     1   2  2  

4 vs 4 Defense
   Defense                  Defense                  Time % Phy DF OF 
 1 Ryan Murphy              Cal Foote                60     1   2  2  
 2 Juuso Riikola            Brad Hunt                40     1   2  2  

Last Minutes Offensive
   Center                   Left Wing                Right Wing               Defense                  Defense                  
   Alan Quine               Connor Brickley          Josh Currie              Ryan Murphy              Cal Foote                

Last Minutes Defensive
   Center                   Left Wing                Right Wing               Defense                  Defense                  
   Alan Quine               Connor Brickley          Josh Currie              Ryan Murphy              Cal Foote                

Goaltenders
Starting : Malcolm Subban           
Backup : Nick Schneider           

Extra Forwards
Normal : Colin Blackwell, Sam Lafferty, Michael Dal Colle - PP : Colin Blackwell, Sam Lafferty - PK : Michael Dal Colle
Extra Defensemen
Normal : Cale Fleury, Joshua Jacobs, Luke Witkowski - PP : Cale Fleury - PK : Joshua Jacobs, Luke Witkowski
Penalty Shots
Ryan Murphy, Alan Quine, Connor Brickley, Luke Johnson, Luke Witkowski

Scratches
Danick Martel (Healthy), Joseph Cramarossa (Healthy), Alex Breton (Healthy), Dustin Tokarski (Healthy), Richard Bachman (Healthy)

Brampton Battalion

5 vs 5 Forward 
   Center                   Left Wing                Right Wing               Time % Phy DF OF 
 1 Sonny Milano             Erik Condra              Nathan Gerbe             40     1   2  2  
 2 Michael McLeod           Garrett Wilson           Kurtis Gabriel           30     1   2  2  
 3 Cameron Hughes           Colton Beck              Austin Poganski          20     1   2  2  
 4 John McCarron            Will Pelletier           Martin Kaut              10     1   2  2  

5 vs 5 Defense 
   Defense                  Defense                                           Time % Phy DF OF 
 1 Zach Trotman             Josh Brown                                        40     1   2  2  
 2 Michael Kapla            Duncan Siemens                                    30     1   2  2  
 3 Cam Dineen               Jeremy Roy                                        20     1   2  2  
 4 Zach Trotman             Josh Brown                                        10     1   2  2  

PowerPlay Forward 
   Center                   Left Wing                Right Wing               Time % Phy DF OF 
 1 Sonny Milano             Erik Condra              Nathan Gerbe             60     1   2  2  
 2 Michael McLeod           Garrett Wilson           Kurtis Gabriel           40     1   2  2  

PowerPlay Defense
   Defense                  Defense                                           Time % Phy DF OF 
 1 Zach Trotman             Josh Brown                                        60     1   2  2  
 2 Michael Kapla            Duncan Siemens                                    40     1   2  2  

Penalty Kill 4 Players Forward 
   Center                   Wing                     Time % Phy DF OF 
 1 Erik Condra              Sonny Milano             60     1   2  2  
 2 Garrett Wilson           Nathan Gerbe             40     1   2  2  

Penalty Kill 4 Players Defense
   Defense                  Defense                  Time % Phy DF OF 
 1 Zach Trotman             Josh Brown               60     1   2  2  
 2 Michael Kapla            Duncan Siemens           40     1   2  2  

Penalty Kill - 3 Players Forward 
   Forward                                           Time % Phy DF OF 
 1 Erik Condra                                       60     1   2  2  
 2 Sonny Milano                                      40     1   2  2  

Penalty Kill - 3 Players Defense
   Defense                  Defense                  Time % Phy DF OF 
 1 Zach Trotman             Josh Brown               60     1   2  2  
 2 Michael Kapla            Duncan Siemens           40     1   2  2  

4 vs 4 Forward 
   Center                   Wing                     Time % Phy DF OF 
 1 Erik Condra              Sonny Milano             60     1   2  2  
 2 Garrett Wilson           Nathan Gerbe             40     1   2  2  

4 vs 4 Defense
   Defense                  Defense                  Time % Phy DF OF 
 1 Zach Trotman             Josh Brown               60     1   2  2  
 2 Michael Kapla            Duncan Siemens           40     1   2  2  

Last Minutes Offensive
   Center                   Left Wing                Right Wing               Defense                  Defense                  
   Sonny Milano             Erik Condra              Nathan Gerbe             Zach Trotman             Josh Brown               

Last Minutes Defensive
   Center                   Left Wing                Right Wing               Defense                  Defense                  
   Sonny Milano             Erik Condra              Nathan Gerbe             Zach Trotman             Josh Brown               

Goaltenders
Starting : Unknown Goalie           
Backup : Unknown Goalie           

Extra Forwards
Normal : Austin Poganski, Cameron Hughes, John McCarron - PP : Austin Poganski, Cameron Hughes - PK : John McCarron
Extra Defensemen
Normal : Cam Dineen, Jeremy Roy, Michael Kapla - PP : Cam Dineen - PK : Jeremy Roy, Michael Kapla
Penalty Shots
Erik Condra, Sonny Milano, Garrett Wilson, Nathan Gerbe, Michael McLeod

Scratches
Henrik Samuelsson (Healthy), Matt Abt (Healthy), Linus Olund (Healthy), Hunter Fejes (Healthy), Hayden Verbeek (Healthy)
Vincent Arseneau (Healthy)

% Time on Ice - Texas Stars

Lines # - Real PCT - Wanted PCT - Time Play
Normal Forward
1 - 33% - 40% - 15:39
2 - 26% - 30% - 12:27
3 - 22% - 20% - 10:27
4 - 19% - 10% - 9:04
Normal Defense
1 - 35% - 40% - 16:51
2 - 30% - 30% - 14:06
3 - 31% - 20% - 14:48
4 - 4% - 10% - 1:52
PP Forward
1 - 54% - 60% - 4:17
2 - 46% - 40% - 3:39
PP Defense
1 - 65% - 60% - 5:08
2 - 35% - 40% - 2:48
PK Forward
1 - 94% - 60% - 4:10
2 - 6% - 40% - 0:17
PK Defense
1 - 62% - 60% - 2:45
2 - 38% - 40% - 1:42
PK3 Forward
1 - 0% - 60%
2 - 0% - 40%
PK3 Defense
1 - 0% - 60%
2 - 0% - 40%
44 Forward
1 - 0% - 60%
2 - 0% - 40%
44 Defense
1 - 0% - 60%
2 - 0% - 40%
Last Minute Offensive  - 0:00
Last Minute Defensive  - 0:00
Total
Forward - 60:00
Defense - 60:00

% Time on Ice - Brampton Battalion

Lines # - Real PCT - Wanted PCT - Time Play
Normal Forward
1 - 32% - 40% - 15:01
2 - 26% - 30% - 12:28
3 - 25% - 20% - 12:01
4 - 17% - 10% - 8:07
Normal Defense
1 - 37% - 40% - 17:25
2 - 32% - 30% - 15:26
3 - 27% - 20% - 12:49
4 - 4% - 10% - 1:57
PP Forward
1 - 60% - 60% - 2:41
2 - 40% - 40% - 1:46
PP Defense
1 - 69% - 60% - 3:05
2 - 31% - 40% - 1:22
PK Forward
1 - 72% - 60% - 5:43
2 - 28% - 40% - 2:13
PK Defense
1 - 64% - 60% - 5:03
2 - 36% - 40% - 2:53
PK3 Forward
1 - 0% - 60%
2 - 0% - 40%
PK3 Defense
1 - 0% - 60%
2 - 0% - 40%
44 Forward
1 - 0% - 60%
2 - 0% - 40%
44 Defense
1 - 0% - 60%
2 - 0% - 40%
Last Minute Offensive  - 0:00
Last Minute Defensive  - 0:00
Total
Forward - 60:00
Defense - 60:00

Play-by-Play

1st period


0:01 of 1st period - Alan Quine wins face-off versus Sonny Milano in neutral zone.
0:12 of 1st period - Wrist shot by Josh Currie.
0:12 of 1st period - Stopped by Unknown Goalie with a rebound.
0:26 of 1st period - Cal Foote is hit by Cameron Hughes and loses puck.
0:57 of 1st period - Snap shot by Sam Lafferty.
0:57 of 1st period - Shot Blocked by Kurtis Gabriel.
1:28 of 1st period - Off-side.
1:29 of 1st period - John McCarron wins face-off versus Alan Quine in neutral zone.
1:32 of 1st period - Wrist shot by John McCarron.
1:32 of 1st period - Stopped by Malcolm Subban with a rebound.
1:34 of 1st period - Wrist shot by Will Pelletier.
1:34 of 1st period - Shot Blocked by Connor Brickley.
1:36 of 1st period - Wrist shot by John McCarron.
1:36 of 1st period - Stopped by Malcolm Subban with a rebound.
1:38 of 1st period - Slapshot by John McCarron.
1:38 of 1st period - Stopped by Malcolm Subban with a rebound.
1:40 of 1st period - Slapshot by Jeremy Roy.
1:40 of 1st period - Stopped by Malcolm Subban with a rebound.
1:42 of 1st period - Slapshot by Will Pelletier.
1:42 of 1st period - Shot Misses the Net.
1:44 of 1st period - Wrist shot by Cam Dineen.
1:44 of 1st period - Stopped by Malcolm Subban without a rebound.
1:45 of 1st period - Michael McLeod wins face-off versus Luke Johnson in Texas Stars zone.
1:46 of 1st period - Wrist shot by Kurtis Gabriel.
1:46 of 1st period - Stopped by Malcolm Subban with a rebound.
1:48 of 1st period - Snap shot by Garrett Wilson.
1:48 of 1st period - Shot Misses the Net.
1:50 of 1st period - Snap shot by Garrett Wilson.
1:50 of 1st period - Shot Blocked by Luke Witkowski.
1:52 of 1st period - Slapshot by Zach Trotman.
1:52 of 1st period - Stopped by Malcolm Subban without a rebound.
1:53 of 1st period - Michael McLeod wins face-off versus Luke Johnson in Texas Stars zone.
2:24 of 1st period - Snap shot by Michael McLeod.
2:24 of 1st period - Deflect By Cal Foote.
2:24 of 1st period - Shot Misses the Net.
2:24 of 1st period - Puck is out of play.
2:25 of 1st period - Nathan Gerbe wins face-off versus Alan Quine in Texas Stars zone.
3:38 of 1st period - Snap shot by Kurtis Gabriel.
3:38 of 1st period - Stopped by Malcolm Subban without a rebound.
3:39 of 1st period - Sonny Milano wins face-off versus Alan Quine in Texas Stars zone.
3:54 of 1st period - Michael Kapla is hit by Josh Currie and loses puck.
5:12 of 1st period - Off-side.
5:13 of 1st period - Colin Blackwell wins face-off versus Sonny Milano in neutral zone.
5:18 of 1st period - Slapshot by Brad Hunt.
5:18 of 1st period - Shot Blocked by Nathan Gerbe.
5:28 of 1st period - Wrist shot by Colin Blackwell.
5:28 of 1st period - Shot Misses the Net.
6:31 of 1st period - Snap shot by John McCarron.
6:31 of 1st period - Shot Misses the Net.
6:51 of 1st period - Slapshot by Juuso Riikola.
6:51 of 1st period - Shot Misses the Net.
6:53 of 1st period - Slapshot by Juuso Riikola.
6:53 of 1st period - Shot Misses the Net.
6:55 of 1st period - Wrist shot by Juuso Riikola.
6:55 of 1st period - Stopped by Unknown Goalie with a rebound.
6:57 of 1st period - Slapshot by Juuso Riikola.
6:57 of 1st period - Shot Misses the Net.
6:59 of 1st period - Wrist shot by Brad Hunt.
6:59 of 1st period - Shot Blocked by Sonny Milano.
7:01 of 1st period - Wrist shot by Spencer Smallman.
7:01 of 1st period - Deflect By Nathan Gerbe.
7:01 of 1st period - Shot Misses the Net.
7:01 of 1st period - Puck is out of play.
7:02 of 1st period - Luke Johnson wins face-off versus Michael McLeod in Brampton Battalion zone.
7:11 of 1st period - Snap shot by Phil Varone.
7:11 of 1st period - Deflect By Garrett Wilson.
7:11 of 1st period - Stopped by Unknown Goalie with a rebound.
7:13 of 1st period - Wrist shot by Ryan Murphy.
7:13 of 1st period - Shot Misses the Net.
7:33 of 1st period - Snap shot by Michael Dal Colle.
7:33 of 1st period - Shot Misses the Net.
7:44 of 1st period - Icing by Joshua Jacobs.
7:45 of 1st period - Colin Blackwell wins face-off versus Sonny Milano in Texas Stars zone.
8:30 of 1st period - Wrist shot by Michael Dal Colle.
8:30 of 1st period - Shot Blocked by Michael Kapla.
8:32 of 1st period - Snap shot by Joshua Jacobs.
8:32 of 1st period - Deflect By Colin Blackwell.
8:32 of 1st period - Shot Misses the Net.
8:32 of 1st period - Puck is out of play.
8:33 of 1st period - Cameron Hughes wins face-off versus Colin Blackwell in Brampton Battalion zone.
8:37 of 1st period - Off-side.
8:38 of 1st period - Sonny Milano wins face-off versus Alan Quine in neutral zone.
8:43 of 1st period - Snap shot by Nathan Gerbe.
8:43 of 1st period - Shot Misses the Net.
8:49 of 1st period - Sonny Milano is hit by Cal Foote and loses puck.
9:06 of 1st period - Icing by Ryan Murphy.
9:07 of 1st period - Luke Johnson wins face-off versus Cameron Hughes in Texas Stars zone.
9:40 of 1st period - Snap shot by Josh Currie.
9:40 of 1st period - Stopped by Unknown Goalie with a rebound.
9:42 of 1st period - Wrist shot by Cal Foote.
9:42 of 1st period - Stopped by Unknown Goalie with a rebound.
10:47 of 1st period - Snap shot by Michael McLeod.
10:47 of 1st period - Shot Misses the Net.
10:51 of 1st period - Snap shot by Michael McLeod.
10:51 of 1st period - Stopped by Malcolm Subban without a rebound.
10:52 of 1st period - Alan Quine wins face-off versus Nathan Gerbe in Texas Stars zone.
11:03 of 1st period - Wrist shot by Erik Condra.
11:03 of 1st period - Goal by Erik Condra - Texas Stars : 0 - Brampton Battalion : 1.
11:04 of 1st period - Sonny Milano wins face-off versus Alan Quine in neutral zone.
11:30 of 1st period - Cameron Hughes is hit by Colin Blackwell and loses puck.
11:37 of 1st period - Wrist shot by Colin Blackwell.
11:37 of 1st period - Deflect By Sam Lafferty.
11:37 of 1st period - Shot Misses the Net.
11:37 of 1st period - Puck is out of play.
11:38 of 1st period - Michael McLeod wins face-off versus Luke Johnson in Brampton Battalion zone.
12:31 of 1st period - Minor Penalty to Sam Lafferty for Holding.
12:32 of 1st period - Alan Quine wins face-off versus Sonny Milano in Texas Stars zone.
14:29 of 1st period - Colin Blackwell is hit by Erik Condra and loses puck.
14:31 of 1st period - Penalty to Sam Lafferty is over, Sam Lafferty is back on ice.
15:00 of 1st period - Snap shot by Phil Varone.
15:00 of 1st period - Stopped by Unknown Goalie with a rebound.
15:49 of 1st period - Michael McLeod is hit by Ryan Murphy.
16:35 of 1st period - Snap shot by Connor Brickley.
16:35 of 1st period - Deflect By Alan Quine.
16:35 of 1st period - Shot Blocked by Michael McLeod.
16:35 of 1st period - Puck is out of play.
16:36 of 1st period - Michael McLeod wins face-off versus Alan Quine in Brampton Battalion zone.
16:51 of 1st period - Ty Dellandrea is hit by Zach Trotman and loses puck.
17:14 of 1st period - Snap shot by Sam Lafferty.
17:14 of 1st period - Stopped by Unknown Goalie with a rebound.
17:20 of 1st period - Ryan Murphy is hit by Nathan Gerbe and loses puck.
17:35 of 1st period - Slapshot by Austin Poganski.
17:35 of 1st period - Stopped by Malcolm Subban without a rebound.
17:36 of 1st period - Cameron Hughes wins face-off versus Alan Quine in Texas Stars zone.
18:17 of 1st period - Icing by Luke Witkowski.
18:18 of 1st period - Michael McLeod wins face-off versus Luke Johnson in Texas Stars zone.
18:19 of 1st period - Slapshot by Kurtis Gabriel.
18:19 of 1st period - Shot Misses the Net.
18:21 of 1st period - Wrist shot by Garrett Wilson.
18:21 of 1st period - Shot Misses the Net.
18:23 of 1st period - Snap shot by Michael McLeod.
18:23 of 1st period - Stopped by Malcolm Subban with a rebound.
18:25 of 1st period - Slapshot by Garrett Wilson.
18:25 of 1st period - Shot Misses the Net.
18:27 of 1st period - Snap shot by Michael McLeod.
18:27 of 1st period - Shot Blocked by Joshua Jacobs.
18:29 of 1st period - Snap shot by Kurtis Gabriel.
18:29 of 1st period - Stopped by Malcolm Subban with a rebound.
18:31 of 1st period - Slapshot by Garrett Wilson.
18:31 of 1st period - Stopped by Malcolm Subban with a rebound.
18:33 of 1st period - Snap shot by Garrett Wilson.
18:33 of 1st period - Stopped by Malcolm Subban with a rebound.
Goals for this period are 0 for Texas Stars vs 1 for Brampton Battalion.
Shots for this period are 7 for Texas Stars vs 15 for Brampton Battalion.

2nd period


0:01 of 2nd period - Sonny Milano wins face-off versus Alan Quine in neutral zone.
0:47 of 2nd period - Snap shot by Ty Dellandrea.
0:47 of 2nd period - Shot Misses the Net.
1:27 of 2nd period - Snap shot by Colin Blackwell.
1:27 of 2nd period - Stopped by Unknown Goalie with a rebound.
2:01 of 2nd period - Wrist shot by Luke Johnson.
2:01 of 2nd period - Stopped by Unknown Goalie with a rebound.
2:03 of 2nd period - Minor Penalty to Josh Brown for Hooking.
2:04 of 2nd period - Erik Condra wins face-off versus Alan Quine in Brampton Battalion zone.
2:29 of 2nd period - Snap shot by Luke Johnson.
2:29 of 2nd period - Shot Misses the Net.
2:31 of 2nd period - Snap shot by Juuso Riikola.
2:31 of 2nd period - Stopped by Unknown Goalie with a rebound.
4:03 of 2nd period - Penalty to Josh Brown is over, Josh Brown is back on ice.
4:14 of 2nd period - Colton Beck is hit by Spencer Smallman and loses puck.
4:40 of 2nd period - Wrist shot by Sam Lafferty.
4:40 of 2nd period - Shot Misses the Net.
4:42 of 2nd period - Snap shot by Colin Blackwell.
4:42 of 2nd period - Stopped by Unknown Goalie with a rebound.
5:15 of 2nd period - Josh Brown is hit by Ryan Murphy and loses puck.
6:33 of 2nd period - Kurtis Gabriel is hit by Spencer Smallman and loses puck.
7:32 of 2nd period - Snap shot by Phil Varone.
7:32 of 2nd period - Shot Blocked by Cam Dineen.
7:34 of 2nd period - Snap shot by Luke Witkowski.
7:34 of 2nd period - Shot Blocked by Cam Dineen.
7:36 of 2nd period - Snap shot by Brad Hunt.
7:36 of 2nd period - Stopped by Unknown Goalie with a rebound.
7:46 of 2nd period - Zach Trotman is hit by Spencer Smallman.
8:27 of 2nd period - Ryan Murphy is hit by Martin Kaut and loses puck.
8:52 of 2nd period - Michael McLeod is hit by Juuso Riikola and loses puck.
8:59 of 2nd period - Snap shot by Kurtis Gabriel.
8:59 of 2nd period - Deflect By Garrett Wilson.
8:59 of 2nd period - Shot Misses the Net.
8:59 of 2nd period - Puck is out of play.
9:00 of 2nd period - Cameron Hughes wins face-off versus Luke Witkowski in Texas Stars zone.
9:11 of 2nd period - Slapshot by Austin Poganski.
9:11 of 2nd period - Stopped by Malcolm Subban without a rebound.
9:12 of 2nd period - Alan Quine wins face-off versus Sonny Milano in Texas Stars zone.
9:28 of 2nd period - Slapshot by Zach Trotman.
9:28 of 2nd period - Deflect By Alan Quine.
9:28 of 2nd period - Stopped by Malcolm Subban without a rebound.
9:29 of 2nd period - Michael McLeod wins face-off versus Luke Johnson in Texas Stars zone.
9:30 of 2nd period - Slapshot by Garrett Wilson.
9:30 of 2nd period - Shot Misses the Net.
10:01 of 2nd period - Snap shot by Connor Brickley.
10:01 of 2nd period - Stopped by Unknown Goalie with a rebound.
10:17 of 2nd period - Snap shot by Colin Blackwell.
10:17 of 2nd period - Goal by Colin Blackwell - Texas Stars : 1 - Brampton Battalion : 1.
10:18 of 2nd period - Sonny Milano wins face-off versus Alan Quine in neutral zone.
10:31 of 2nd period - Snap shot by Sonny Milano.
10:31 of 2nd period - Shot Misses the Net.
10:33 of 2nd period - Wrist shot by Erik Condra.
10:33 of 2nd period - Goal by Erik Condra - Texas Stars : 1 - Brampton Battalion : 2.
10:34 of 2nd period - Alan Quine wins face-off versus Sonny Milano in neutral zone.
10:37 of 2nd period - Snap shot by Josh Currie.
10:37 of 2nd period - Shot Blocked by Zach Trotman.
10:39 of 2nd period - Snap shot by Josh Currie.
10:39 of 2nd period - Shot Misses the Net.
10:41 of 2nd period - Snap shot by Cal Foote.
10:41 of 2nd period - Shot Misses the Net.
10:43 of 2nd period - Slapshot by Ryan Murphy.
10:43 of 2nd period - Deflect By Nathan Gerbe.
10:43 of 2nd period - Goal by Ryan Murphy - Texas Stars : 2 - Brampton Battalion : 2.
10:44 of 2nd period - Alan Quine wins face-off versus Sonny Milano in neutral zone.
10:47 of 2nd period - Slapshot by Ryan Murphy.
10:47 of 2nd period - Shot Blocked by Josh Brown.
11:53 of 2nd period - Slapshot by Josh Currie.
11:53 of 2nd period - Stopped by Unknown Goalie with a rebound.
11:55 of 2nd period - Snap shot by Josh Currie.
11:55 of 2nd period - Shot Misses the Net.
12:15 of 2nd period - Snap shot by Sonny Milano.
12:15 of 2nd period - Stopped by Malcolm Subban without a rebound.
12:16 of 2nd period - Sonny Milano wins face-off versus Luke Johnson in Texas Stars zone.
12:42 of 2nd period - Nathan Gerbe is hit by Sam Lafferty and loses puck.
13:03 of 2nd period - Wrist shot by Erik Condra.
13:03 of 2nd period - Stopped by Malcolm Subban with a rebound.
13:05 of 2nd period - Snap shot by Josh Brown.
13:05 of 2nd period - Shot Blocked by Cale Fleury.
13:07 of 2nd period - Snap shot by Erik Condra.
13:07 of 2nd period - Shot Misses the Net.
13:09 of 2nd period - Snap shot by Sonny Milano.
13:09 of 2nd period - Shot Blocked by Joshua Jacobs.
13:11 of 2nd period - Slapshot by Cam Dineen.
13:11 of 2nd period - Stopped by Malcolm Subban with a rebound.
13:13 of 2nd period - Wrist shot by Cam Dineen.
13:13 of 2nd period - Stopped by Malcolm Subban without a rebound.
13:14 of 2nd period - Michael McLeod wins face-off versus Connor Brickley in Texas Stars zone.
13:19 of 2nd period - Backhand shot by Garrett Wilson.
13:19 of 2nd period - Stopped by Malcolm Subban with a rebound.
13:39 of 2nd period - Austin Poganski is hit by Phil Varone and loses puck.
14:06 of 2nd period - Will Pelletier is hit by Spencer Smallman and loses puck.
14:27 of 2nd period - Snap shot by Michael McLeod.
14:27 of 2nd period - Stopped by Malcolm Subban with a rebound.
15:12 of 2nd period - Icing by Spencer Smallman.
15:13 of 2nd period - Ty Dellandrea wins face-off versus John McCarron in Texas Stars zone.
15:23 of 2nd period - Minor Penalty to John McCarron for Hooking.
15:24 of 2nd period - Erik Condra wins face-off versus Alan Quine in Brampton Battalion zone.
16:01 of 2nd period - Off-side.
16:02 of 2nd period - Garrett Wilson wins face-off versus Alan Quine in neutral zone.
16:04 of 2nd period - Off-side.
16:05 of 2nd period - Alan Quine wins face-off versus Garrett Wilson in neutral zone.
16:08 of 2nd period - Slapshot by Ryan Murphy.
16:08 of 2nd period - Stopped by Unknown Goalie with a rebound.
16:10 of 2nd period - Wrist shot by Connor Brickley.
16:10 of 2nd period - Shot Hit the Post.
16:59 of 2nd period - Backhand shot by Alan Quine.
16:59 of 2nd period - Stopped by Unknown Goalie with a rebound.
17:23 of 2nd period - Penalty to John McCarron is over, John McCarron is back on ice.
17:31 of 2nd period - Slapshot by Sam Lafferty.
17:31 of 2nd period - Deflect By Michael Dal Colle.
17:31 of 2nd period - Goal by Michael Dal Colle - Texas Stars : 3 - Brampton Battalion : 2.
17:32 of 2nd period - Alan Quine wins face-off versus Kurtis Gabriel in neutral zone.
17:37 of 2nd period - Wrist shot by Connor Brickley.
17:37 of 2nd period - Stopped by Unknown Goalie with a rebound.
18:03 of 2nd period - Minor Penalty to Nathan Gerbe for Hooking.
18:04 of 2nd period - Erik Condra wins face-off versus Connor Brickley in Brampton Battalion zone.
18:43 of 2nd period - Off-side.
18:44 of 2nd period - Luke Johnson wins face-off versus Garrett Wilson in neutral zone.
19:17 of 2nd period - Zach Trotman is hit by Josh Currie.
Goals for this period are 3 for Texas Stars vs 1 for Brampton Battalion.
Shots for this period are 13 for Texas Stars vs 9 for Brampton Battalion.

3rd period


0:01 of 3rd period - Alan Quine wins face-off versus Sonny Milano in neutral zone.
0:03 of 3rd period - Penalty to Nathan Gerbe is over, Nathan Gerbe is back on ice.
0:10 of 3rd period - Wrist shot by Alan Quine.
0:10 of 3rd period - Shot Blocked by Nathan Gerbe.
0:59 of 3rd period - Wrist shot by Spencer Smallman.
0:59 of 3rd period - Stopped by Unknown Goalie with a rebound.
1:11 of 3rd period - Snap shot by Will Pelletier.
1:11 of 3rd period - Shot Misses the Net.
1:33 of 3rd period - Wrist shot by Erik Condra.
1:33 of 3rd period - Stopped by Malcolm Subban with a rebound.
1:35 of 3rd period - Snap shot by Nathan Gerbe.
1:35 of 3rd period - Shot Misses the Net.
1:37 of 3rd period - Snap shot by Erik Condra.
1:37 of 3rd period - Stopped by Malcolm Subban with a rebound.
2:03 of 3rd period - Icing by Jeremy Roy.
2:04 of 3rd period - Alan Quine wins face-off versus Kurtis Gabriel in Brampton Battalion zone.
2:40 of 3rd period - Snap shot by Colin Blackwell.
2:40 of 3rd period - Stopped by Unknown Goalie without a rebound.
2:41 of 3rd period - Sonny Milano wins face-off versus Alan Quine in Brampton Battalion zone.
2:43 of 3rd period - Minor Penalty to Nathan Gerbe for Hooking.
2:44 of 3rd period - Erik Condra wins face-off versus Alan Quine in Brampton Battalion zone.
2:44 of 3rd period - Erik Condra is hit by Connor Brickley.
4:43 of 3rd period - Penalty to Nathan Gerbe is over, Nathan Gerbe is back on ice.
4:47 of 3rd period - Snap shot by Austin Poganski.
4:47 of 3rd period - Stopped by Malcolm Subban with a rebound.
4:49 of 3rd period - Snap shot by Cam Dineen.
4:49 of 3rd period - Stopped by Malcolm Subban with a rebound.
4:51 of 3rd period - Slapshot by Jeremy Roy.
4:51 of 3rd period - Stopped by Malcolm Subban with a rebound.
5:14 of 3rd period - Snap shot by Spencer Smallman.
5:14 of 3rd period - Stopped by Unknown Goalie with a rebound.
5:16 of 3rd period - Slapshot by Joshua Jacobs.
5:16 of 3rd period - Stopped by Unknown Goalie with a rebound.
7:07 of 3rd period - Cale Fleury is hit by Kurtis Gabriel and loses puck.
7:20 of 3rd period - Joshua Jacobs is hit by Nathan Gerbe and loses puck.
7:48 of 3rd period - Wrist shot by Sonny Milano.
7:48 of 3rd period - Shot Misses the Net.
9:07 of 3rd period - Cal Foote is hit by Nathan Gerbe and loses puck.
9:34 of 3rd period - Cameron Hughes is hit by Spencer Smallman and loses puck.
9:51 of 3rd period - Sonny Milano is hit by Michael Dal Colle and loses puck.
10:09 of 3rd period - Backhand shot by Martin Kaut.
10:09 of 3rd period - Deflect By John McCarron.
10:09 of 3rd period - Stopped by Malcolm Subban with a rebound.
11:37 of 3rd period - Minor Penalty to Colin Blackwell for Holding.
11:38 of 3rd period - Alan Quine wins face-off versus Sonny Milano in Texas Stars zone.
11:48 of 3rd period - Slapshot by Josh Brown.
11:48 of 3rd period - Stopped by Malcolm Subban with a rebound.
12:04 of 3rd period - Slapshot by Michael McLeod.
12:04 of 3rd period - Shot Blocked by Ryan Murphy.
12:06 of 3rd period - Slapshot by Michael Kapla.
12:06 of 3rd period - Goal by Michael Kapla - Texas Stars : 3 - Brampton Battalion : 3.
12:07 of 3rd period - Sonny Milano wins face-off versus Alan Quine in neutral zone.
12:41 of 3rd period - Backhand shot by Luke Johnson.
12:41 of 3rd period - Stopped by Unknown Goalie with a rebound.
12:57 of 3rd period - Austin Poganski is hit by Juuso Riikola and loses puck.
13:18 of 3rd period - Snap shot by Ty Dellandrea.
13:18 of 3rd period - Goal by Ty Dellandrea - Texas Stars : 4 - Brampton Battalion : 3.
13:19 of 3rd period - Alan Quine wins face-off versus Sonny Milano in neutral zone.
13:40 of 3rd period - Minor Penalty to Connor Brickley for Tripping.
13:41 of 3rd period - Alan Quine wins face-off versus Sonny Milano in Texas Stars zone.
14:00 of 3rd period - Cal Foote is hit by Erik Condra and loses puck.
14:11 of 3rd period - Kurtis Gabriel is hit by Cal Foote and loses puck.
14:23 of 3rd period - Off-side.
14:24 of 3rd period - Colin Blackwell wins face-off versus Sonny Milano in neutral zone.
14:29 of 3rd period - Slapshot by Juuso Riikola.
14:29 of 3rd period - Goal by Juuso Riikola - Texas Stars : 5 - Brampton Battalion : 3.
14:30 of 3rd period - Sonny Milano wins face-off versus Michael Dal Colle in neutral zone.
14:35 of 3rd period - Alan Quine is hit by Sonny Milano and loses puck.
15:40 of 3rd period - Penalty to Connor Brickley is over, Connor Brickley is back on ice.
15:48 of 3rd period - Wrist shot by Cameron Hughes.
15:48 of 3rd period - Shot Misses the Net.
15:50 of 3rd period - Snap shot by Cameron Hughes.
15:50 of 3rd period - Stopped by Malcolm Subban with a rebound.
15:52 of 3rd period - Wrist shot by Cameron Hughes.
15:52 of 3rd period - Shot Misses the Net.
15:54 of 3rd period - Wrist shot by Austin Poganski.
15:54 of 3rd period - Shot Blocked by Cal Foote.
16:06 of 3rd period - Cal Foote is hit by Cam Dineen and loses puck.
16:11 of 3rd period - Backhand shot by John McCarron.
16:11 of 3rd period - Shot Blocked by Luke Johnson.
16:31 of 3rd period - Snap shot by Spencer Smallman.
16:31 of 3rd period - Shot Misses the Net.
16:33 of 3rd period - Slapshot by Cal Foote.
16:33 of 3rd period - Shot Blocked by Cam Dineen.
16:35 of 3rd period - Snap shot by Ty Dellandrea.
16:35 of 3rd period - Stopped by Unknown Goalie with a rebound.
16:37 of 3rd period - Slapshot by Ty Dellandrea.
16:37 of 3rd period - Stopped by Unknown Goalie with a rebound.
17:57 of 3rd period - Spencer Smallman is hit by Josh Brown and loses puck.
18:04 of 3rd period - Slapshot by Ty Dellandrea.
18:04 of 3rd period - Shot Misses the Net.
18:06 of 3rd period - Slapshot by Joshua Jacobs.
18:06 of 3rd period - Shot Misses the Net.
18:56 of 3rd period - Wrist shot by Colin Blackwell.
18:56 of 3rd period - Stopped by Unknown Goalie with a rebound.
18:58 of 3rd period - Wrist shot by Cal Foote.
18:58 of 3rd period - Stopped by Unknown Goalie with a rebound.
19:03 of 3rd period - Off-side.
19:04 of 3rd period - Alan Quine wins face-off versus Nathan Gerbe in neutral zone.
Goals for this period are 2 for Texas Stars vs 1 for Brampton Battalion.
Shots for this period are 11 for Texas Stars vs 9 for Brampton Battalion. Output by the SimonT Hockey Simulator (STHS) for Eric Tremblay - Original Page W3C HTML5 Valid
Hockey Simulator - Hockey Simulation - Hockey Manager